 Dungeon Crawl Stone Soup version 0.25-a0-353-ged6d54792d (webtiles) character file.

Game seed: 13988499374115114879, levelgen mode: classic

139 Borgoz the Chopper (level 5, -9/46 HPs)
             Began as a Minotaur Gladiator on Jan 3, 2020.
             Mangled by Prince Ribbit (14 damage)
             ... on level 5 of the Dungeon.
             The game lasted 00:02:35 (1962 turns).

Borgoz the Chopper (Minotaur Gladiator)             Turns: 1962, Time: 00:02:36

Health: -9/46      AC:  6    Str: 18    XL:     5   Next: 1%
Magic:  4/4        EV: 13    Int:  5    God:
Gold:   133        SH:  0    Dex: 13    Spells: 4/4 levels left

rFire    . . .     SeeInvis .   a - +0 war axe
rCold    . . .     Gourm    .   (no shield)
rNeg     . . .     Faith    .   j - +0 ring mail
rPois    .         Spirit   .   c - +0 hat
rElec    .         Reflect  .   p - +0 cloak
rCorr    .         Harm     .   (no gloves)
MR       .....     Rnd*Tele +   (no boots)
Stlth    +.........             (no amulet)
HPRegen  0.15/turn              w - ring of teleportation (curse)
MPRegen  0.09/turn              (no ring)

@: no status effects
A: retaliatory headbutt, horns 2
a: no special abilities


You were on level 5 of the Dungeon.
You were hungry.

You visited 1 branch of the dungeon, and saw 5 of its levels.

You collected 133 gold pieces.

Inventory:

Hand Weapons
 a - a +0 war axe (weapon)
Missiles
 d - 3 throwing nets (quivered)
Armour
 c - a +0 hat (worn)
 j - a +0 ring mail (worn)
 p - a +0 cloak (worn)
Jewellery
 w - a cursed ring of teleportation (left hand)
 x - an uncursed amulet of guardian spirit {unknown}
Wands
 o - a wand of paralysis (7)
Scrolls
 b - 2 scrolls of identify {unknown}
 e - a scroll of magic mapping {unknown}
 g - 5 scrolls of fear {unknown}
 k - 6 scrolls of teleportation {unknown}
 l - a scroll of amnesia {unknown}
 n - 2 scrolls of remove curse {unknown}
 r - a scroll of fog {unknown}
 s - a scroll of random uselessness {unknown}
 t - a scroll of enchant weapon {unknown}
Potions
 h - a potion of curing
 m - a potion of flight {unknown}
 q - a potion of agility {unknown}
 u - a potion of might {unknown}
 v - a potion of heal wounds {unknown}
 z - a potion of invisibility {unknown}
Comestibles
 f - 7 rations


   Skills:
 + Level 3.7 Fighting
 + Level 4.6 Axes
 - Level 2.0 Throwing
 + Level 2.5 Armour
 + Level 4.2 Dodging


You had 4 spell levels left.
You didn't know any spells.
Your spell library was empty.

Dungeon Overview and Level Annotations

Branches:
Dungeon (5/15)
 Temple: D:4-7

Altars:
Vehumet

Shops:
D:4 [

Annotations:
D:3 Sigmund
D:4 1 runed translucent door, emiel's ghost, amateur FoWn
D:5 Prince Ribbit


Innate Abilities, Weirdness & Mutations

You reflexively headbutt those who attack you in melee.
You have a pair of horns on your head.


Message History

Prince Ribbit hits you but does no damage.
Prince Ribbit barely misses you.
You closely miss Prince Ribbit.
Prince Ribbit is heavily wounded.
Prince Ribbit hits you.
* * * LOW HITPOINT WARNING * * *
You miss Prince Ribbit.
Prince Ribbit is heavily wounded.
Prince Ribbit misses you.
Prince Ribbit catches a mosquito with his tongue.
Prince Ribbit hits you but does no damage.
You closely miss Prince Ribbit.
Prince Ribbit is heavily wounded.
Prince Ribbit hits you but does no damage.
Prince Ribbit hits you!
* * * LOW HITPOINT WARNING * * *
You closely miss Prince Ribbit. Your headbutt misses Prince Ribbit.
Prince Ribbit is heavily wounded.
Prince Ribbit hits you!
You die...

## # #.## ..#
##..#### ..####
###......##......
##......@.........
#.......F%#.....#
#....^...##....$##
##...............#
#................
####...........#
#.##.....[...#
#............#
..(............


You could see Prince Ribbit.

Vanquished Creatures
  5 adders
  An ooze (D:3)
  An adder zombie (D:2)
  3 worms
  A dart slug (D:1)
  3 leopard geckos
  3 orcs
  7 bats
  4 giant cockroaches
  5 goblins
  7 hobgoblins
  12 jackals (D:2)
  3 kobolds (D:2)
  A ball python (D:2)
  4 frilled lizards
  7 rats
67 creatures vanquished.

Notes
Turn   | Place    | Note
-------+----------+-------------------------------------------
     0 | D:1      | Borgoz the Minotaur Gladiator began the quest for the Orb.
     0 | D:1      | Reached XP level 1. HP: 18/18 MP: 0/0
   265 | D:1      | Reached XP level 2. HP: 25/25 MP: 1/1
   448 | D:1      | Reached skill level 1 in Armour
   691 | D:2      | Reached XP level 3. HP: 30/31 MP: 2/2
   733 | D:2      | Found a radiant altar of Vehumet.
   867 | D:2      | Reached XP level 4. HP: 38/38 MP: 3/3
  1370 | D:3      | Noticed Sigmund
  1644 | D:3      | Reached XP level 5. HP: 42/46 MP: 4/4
  1732 | D:4      | Found a runed translucent door.
  1732 | D:4      | Noticed emiel's ghost (amateur FoWn)
  1796 | D:4      | Found Viblyesh's Armour Shoppe.
  1936 | D:5      | Entered Level 5 of the Dungeon
  1936 | D:5      | Noticed Prince Ribbit
  1956 | D:5      | HP: 2/46 [Prince Ribbit (6)]
  1962 | D:5      | Mangled by Prince Ribbit

Levels and vault maps discovered:
D:1:      dpeg_chamrin_arrival_tetris, layout_loops_ring, grunt_decor_fettered,
          minmay_distorted
D:2:      layout_loops_ring, lemuel_crystal_altar, chequers_avenue,
          minmay_tetromino_t2
D:3:      layout_basic, uniq_jessica, uniq_sigmund
D:4:      layout_rooms, ebering_ghost_inner_flame, serial_shops,
          nicolae_shop_statue_plus
D:5:      layout_cave_pools, serial_shops, shop_fountains, first_ration,
          elyvilon_altar_5, uniq_prince_ribbit1

Skill      XL: |  1  2  3  4 |
---------------+-------------+-----
Armour         | 1 2 |  2.5
Fighting       | 3 |  3.7
Axes           | 4 |  4.6
Dodging        | 4 |  4.2
Throwing       | |  2.0

Action                   |  1- 3 |  4- 6 || total
-------------------------+-------+-------++-------
Melee: War axe           |    60 |    90 ||   150
       Headbutt          |     3 |     8 ||    11
  Use: Potion            |       |     3 ||     3
  Eat: Chunk             |       |     3 ||     3
Armor: Leather armour    |     7 |       ||     7
       Ring mail         |    11 |    27 ||    38
Dodge: Dodged            |    46 |    72 ||   118

Table legend:
 A = Non-vault XP
 B = Vault XP
 C = Vault XP percentage of total XP
 D = Non-vault monster count
 E = Vault monster count
 F = Vault count percentage of total count
                 A         B        C        D         E       F
            +---------+---------+-------+---------+---------+-------
      Total |     188 |      11 |   5.5 |      62 |       5 |   7.5
            +---------+---------+-------+---------+---------+-------
        D:1 |      15 |       3 |  16.7 |       7 |       3 |  30.0
        D:2 |     116 |       8 |   6.5 |      35 |       2 |   5.4
        D:3 |      48 |       0 |   0.0 |      16 |       0 |   0.0
        D:4 |       9 |       0 |   0.0 |       4 |       0 |   0.0
            +---------+---------+-------+---------+---------+-------
